 Dungeon Crawl Stone Soup version 0.31.0-9-g3a7656b989 (webtiles) character file.

Game seed: 1215664439733870213

93 qw the Shooter (level 4, -1/22 HPs)
             Began as a Spriggan Hunter on Feb 2, 2024.
             Slain by a gnoll
             ... wielding a +0 club
              (6 damage)
             ... on level 3 of the Dungeon.
             The game lasted 00:00:06 (1455 turns).

qw the Shooter (Spriggan Hunter)                    Turns: 1455, Time: 00:00:06

Health: -1/22      AC:  2    Str:  7    XL:     4   Next: 37%
Magic:  5/5        EV: 20    Int: 10    God:
Gold:   79         SH:  0    Dex: 20    Spells: 3/3 levels left

rFire   + . .        a - +0 shortbow
rCold   . . .        (shield currently unavailable)
rNeg    . . .        c - +0 robe
rPois   .            (helmet restricted)
rElec   .            (no cloak)
rCorr   .            (gloves unavailable)
SInv    +            (boots unavailable)
Will    +....        (no amulet)
Stlth   ++           h - ring of willpower
HPRegen 0.23/turn    j - ring of protection from fire
MPRegen 0.09/turn

%: no passive effects
@: very quick
A: very small, no large weapons, unfitting armour, see invisible, speed 3
a: no special abilities


You were on level 3 of the Dungeon.
You visited 1 branch of the dungeon, and saw 3 of its levels.

You collected 79 gold pieces.


Innate Abilities, Weirdness & Mutations

You are very small and have problems with some larger weapons.
You are too small for most types of armour.
You have supernaturally acute eyesight. (SInv)
You cover ground extremely quickly. (Speed+++)


   Skills:
 - Level 1.5 Fighting
 - Level 5.0 Ranged Weapons
 + Level 4.8 Dodging
 - Level 1.5 Stealth


You had 3 spell levels left.
You didn't know any spells.
Your spell library was empty.

Inventory:

Hand Weapons
 a - a +0 shortbow (weapon)
Armour
 c - a +0 robe (worn)
Jewellery
 h - a ring of willpower (left hand)
 j - a ring of protection from fire (right hand)
Potions
 b - a potion of mutation
 d - a potion of haste {unknown}
 e - a potion of cancellation {unknown}
 i - a potion of curing

Dungeon Overview and Level Annotations

Branches:
Dungeon (3/15)

Altars:

Shops:
D:1 =


Message History

There is a stone staircase leading down here.
You shoot an arrow. The arrow barely misses the gnoll.
The gnoll completely misses you.
You shoot an arrow. The arrow barely misses the gnoll.
The gnoll hits you with a +0 whip!
You shoot an arrow. The arrow closely misses the gnoll.
The gnoll completely misses you. x2
You shoot an arrow. The arrow barely misses the gnoll.
The gnoll misses you.
You shoot an arrow. The arrow closely misses the gnoll.
The gnoll completely misses you.
You shoot an arrow. The arrow hits the gnoll.
The gnoll is almost dead.
The gnoll misses you.
You shoot an arrow. The arrow barely misses the gnoll.
The gnoll hits you with a +0 whip.
You shoot an arrow. The arrow hits the gnoll.
You kill the gnoll!
You start resting.
HP restored.
You climb downwards.
The gnoll hits you with a +0 club.
There is a stone staircase leading up here.
You shoot an arrow. The arrow barely misses the gnoll.
The gnoll hits you with a +0 club. The gnoll barely misses you.
You shoot an arrow. The arrow hits the gnoll.
The gnoll is lightly wounded.
The gnoll closely misses you. x2
You shoot an arrow.
The arrow hits the gnoll but does no damage.
The gnoll is lightly wounded.
The gnoll closely misses you. The gnoll hits you with a +0 club.
You shoot an arrow. The arrow closely misses the gnoll.
The gnoll barely misses you. The gnoll hits you with a +0 club.
You shoot an arrow. The arrow barely misses the gnoll.
The gnoll closely misses you. The gnoll hits you with a +0 club.
You shoot an arrow.
The arrow hits the gnoll but does no damage.
The gnoll is lightly wounded.
The gnoll hits you with a +0 club. x2
You die...

#.#####
#...g@#
#...#g#
.....
..#
....
...#
###
#....
#.#..
#.#..
......


You could see 2 gnolls.

Vanquished Creatures
  2 gnolls
  3 dart slugs (D:2)
  A ribbon worm (D:2)
  5 ball pythons
  5 bats (D:1)
  6 endoplasms
  4 giant cockroaches (D:2)
  4 goblins
  6 hobgoblins
  7 jackals
  2 kobolds
  5 quokkas
  5 frilled lizards
  3 rats
58 creatures vanquished.

Notes
Turn   | Place    | Note
-------+----------+-------------------------------------------
     0 | D:1      | qw the Spriggan Hunter began the quest for the Orb.
     0 | D:1      | Reached XP level 1. HP: 10/10 MP: 2/2
     0 | D:1      | 0 ||| qw: Version: 0.3-a-155-g5e7d8dd
     0 | D:1      | 0 ||| qw: Game counter: 596
     0 | D:1      | 0 ||| qw: Melee chars always use a shield: true
     0 | D:1      | 0 ||| qw: God list: Okawaru
     0 | D:1      | 0 ||| qw: Allow faded altars: false
     0 | D:1      | 0 ||| qw: Do Orc after clearing Dungeon:15 true
     0 | D:1      | 0 ||| qw: Do second Lair branch before Depths: true
     0 | D:1      | 0 ||| qw: Lair rune preference: random
     0 | D:1      | 0 ||| qw: Goals: Normal
     0 | D:1      | 0 ||| PLANNING D:1-11
    14 | D:1      | Reached skill level 3 in Dodging
    20 | D:1      | Reached XP level 2. HP: 14/14 MP: 3/3
   190 | D:1      | Found Waloric's Jewellery Shop.
   208 | D:1      | 208 ||| SHOPLISTING +4 ring of protection (396 gold, have
                  | 20).
   208 | D:1      | 208 ||| SHOPLISTING +6 ring of strength (396 gold, have
                  | 20).
   208 | D:1      | 208 ||| SHOPLISTING amulet of reflection (330 gold, have
                  | 20).
   208 | D:1      | 208 ||| SHOPLISTING ring of ice (275 gold, have 20).
   208 | D:1      | 208 ||| SHOPLISTING ring of poison resistance (220 gold,
                  | have 20).
   208 | D:1      | 208 ||| SHOPLISTING ring of protection from cold (275 gold,
                  | have 20).
   246 | D:1      | Reached XP level 3. HP: 18/18 MP: 4/4
   629 | D:1      | 629 ||| UPGRADING to ring of willpower.
   630 | D:1      | 630 ||| READING scroll labelled PUOCAE IDUSOYL.
   631 | D:1      | 631 ||| READING scroll labelled SEPASU OLICWA.
   632 | D:1      | 632 ||| READING scroll labelled YTAGAJ ILOQAU.
   733 | D:1      | 733 ||| DROPPING scroll of butterflies.
   762 | D:2      | 762 ||| STAIRDANCE
   956 | D:2      | Reached skill level 5 in Ranged Weapons
  1045 | D:2      | Reached XP level 4. HP: 22/22 MP: 5/5
  1388 | D:2      | 1388 ||| DROPPING ring of flight.
  1389 | D:2      | 1389 ||| UPGRADING to ring of protection from fire.
  1390 | D:2      | 1390 ||| READING scroll labelled VURPHU RIALACH.
  1390 | D:2      | 1390 ||| IDENTIFYING sedimented black potion
  1391 | D:2      | 1391 ||| DRINKING 2 fizzy white potions.
  1400 | D:3      | 1400 ||| STAIRDANCE
  1455 | D:3      | HP: 5/22 [gnoll/+0 club (5)]
  1455 | D:3      | Slain by a gnoll

Levels and vault maps discovered:
D:1:      minmay_arrival_four_circles, layout_loops_ring, serial_shops, shop,
          chequers_jeans, nicolae_grassy_gnolls
D:2:      layout_basic, grunt_decor_fettered
D:3:      layout_basic, nicolae_gozag_zags_fifth_avenue,
          shapermc_ecumenical_altar_mp_highgroup, uniq_crazy_yiuf_cottage

Skill      XL: |  1  2  3 |
---------------+----------+-----
Dodging        | 4 |  4.8
Ranged Weapons | 5 |  5.0
Fighting       | |  1.5
Stealth        | |  1.5

Action                     |  1- 3 |  4- 6 || total
---------------------------+-------+-------++-------
   Fire: Shortbow          |   124 |    41 ||   165
    Use: Scroll            |     3 |     1 ||     4
         Potion            |       |     1 ||     1
 Armour: Robe              |     9 |    10 ||    19
  Dodge: Dodged            |    34 |    16 ||    50

Table legend:
 A = Non-vault XP
 B = Vault XP
 C = Vault XP percentage of total XP
 D = Non-vault monster count
 E = Vault monster count
 F = Vault count percentage of total count
                 A         B        C        D         E       F
            +---------+---------+-------+---------+---------+-------
      Total |     120 |      14 |  10.4 |      57 |       1 |   1.7
            +---------+---------+-------+---------+---------+-------
        D:1 |      47 |      14 |  23.0 |      27 |       1 |   3.6
        D:2 |      73 |       0 |   0.0 |      30 |       0 |   0.0
            +---------+---------+-------+---------+---------+-------
